 Dungeon Sprint DCSS version 0.22.1-1-ga44c0e5 (webtiles) character file.

10341 aMcNicky the Severer (level 11, -9/111 HPs)
             Began as a Minotaur Berserker on Nov 10, 2018.
             Was a High Priest of Trog.
             Killed from afar by an orc sorcerer (33 damage)
             ... with a bolt of fire
             ... in the Dungeon (Sprint IX: "|||||||||||||||||||||||||||||").
             The game lasted 00:08:45 (1423 turns).

aMcNicky the Severer (Minotaur Berserker)           Turns: 1423, Time: 00:08:45

Health: -9/111     AC: 17    Str: 25    XL:     11   Next: 34%
Magic:  13/13      EV: 16    Int:  4    God:    Trog [*****.]
Gold:   1267       SH:  0    Dex: 10    Spells: 10/10 levels left

rFire    . . .     SeeInvis .   a - +4 executioner's axe (chop)
rCold    . . .     Gourm    .   (shield currently unavailable)
rNeg     . . .     Faith    .   q - +1 scale mail
rPois    .         Spirit   .   (helmet restricted)
rElec    .         Reflect  .   p - +0 cloak
rCorr    .         Harm     .   v - +0 pair of gloves
MR       +++..     NoTele   +   u - +0 pair of boots
Stlth    ..........             (no amulet)
HPRegen  1.28/turn              M - ring of protection from magic
MPRegen  0.13/turn              O - +2 ring of protection

@: berserk cooldown, regenerating, slowed, very slow
A: retaliatory headbutt, horns 2
a: Berserk, Trog's Hand, Brothers in Arms, Renounce Religion


You were in the Dungeon.
You worshipped Trog.
Trog was extremely pleased with you.
You were very hungry.

You visited 1 branch You collected 1267 gold pieces.

Inventory:

Hand Weapons
 a - a +4 executioner's axe of chopping (weapon)
 b - a +8 antimagic battleaxe
 n - a +0 hand axe
 t - a +3 war axe of chopping
Armour
 p - a +0 cloak (worn)
 q - a +1 scale mail (worn)
 u - a +0 pair of boots (worn)
 v - a +0 pair of gloves (worn)
 w - a +0 cloak
Jewellery
 M - a ring of protection from magic (left hand)
 O - a +2 ring of protection (right hand)
 X - a +3 ring of dexterity
Wands
 m - a wand of acid (10)
 s - a wand of enslavement (13)
Scrolls
 i - 2 scrolls of blinking
 l - 4 scrolls of remove curse {@r2}
 o - a scroll of identify {@r1}
 r - 2 scrolls of fog
Potions
 d - 6 potions of curing {@q1}
 e - 3 potions of heal wounds {@q2}
 f - 2 potions of haste {@q3}
 g - 4 potions of magic
 h - 2 potions of berserk rage
 j - a potion of brilliance
 k - a potion of invisibility
Comestibles
 c - 9 rations {@e1}
 x - 4 chunks of flesh


   Skills:
 + Level 14.8 Fighting
 * Level 19.7 Axes
 + Level 14.6 Armour
 + Level 13.6 Dodging
 - Level 4.0 Evocations


You had 10 spell levels left.
You didn't know any spells.
Your spell library was empty.

Dungeon Overview and Level Annotations

Branches:
Dungeon (1/1)

Altars:
Cheibriados
Dithmenos
Elyvilon
Fedhas
Gozag
Hepliaklqana
Kikubaaqudgha
Makhleb
Nemelex Xobeh
Okawaru
Qazlal
Ru
Sif Muna
Trog
Uskayaw
Vehumet
Wu Jian
Xom
Yredelemnul
Zin
The Shining One
Beogh
Jiyva
Lugonu

Shops:
D =


Innate Abilities, Weirdness & Mutations

You reflexively headbutt those who attack you in melee.
You have a pair of horns on your head.


Message History

Your troll dies!
Your troll's corpse disappears in a puff of smoke!
The orc sorcerer gestures wildly while chanting.
Your skin crawls.
You feel resistant to hostile enchantments.
You feel somewhat more hungry. The smoke demon gestures at you.
The ball of steam hits you!
* * * LOW HITPOINT WARNING * * *
The smoke demon gestures at you. Something smites you!
* * * LOW HITPOINT WARNING * * *
Your iron troll goes berserk!
You are feeling very hungry.
The smoke demon hits your iron troll but does no damage. x3
Your iron troll bites the smoke demon!!
Your iron troll claws the smoke demon!
The smoke demon dies!
The orc sorcerer gestures at you while chanting.
The bolt of fire hits your iron troll. The bolt of fire hits you!
You die...

▓_▓.▓.▓.▓.▓
▓_▓.▓†▓.▓.▓
▓_▓.▓.▓.▓)▓
▓_▓.▓.▓.▓)▓
▓_▓.▓.▓.▓)▓
▓_▓.▓.▓.▓)▓
▓_▓.▓.▓.▓)▓
▓_▓.▓.▓.▓)▓
▓_▓.▓.▓.▓@▓
▓_▓.▓(▓.▓.▓
▓_▓.▓.▓.▓.▓
▓_▓.▓÷▓.▓T▓
▓_▓.▓.▓.▓.▓
▓_▓.▓.▓.▓o▓
▓_▓.▓.▓.▓.▓
▓_▓.▓.▓.▓.▓
▓_▓.▓.▓.▓.▓


You could see an orc sorcerer and a friendly iron troll (berserk).

Vanquished Creatures
  A centaur warrior (D)
  2 death yaks (D)
  5 orc knights (D)
  A black mamba (D)
  A spiny frog (D)
  A komodo dragon (D)
  A troll (D)
  A hippogriff (D)
  A yak (D)
  A water moccasin (D)
  2 porcupines (D)
  2 orc warriors (D)
  2 centaurs (D)
  3 crocodiles (D)
  3 bullfrogs (D)
  A howler monkey (D)
  A quasit (D)
  A hound (D)
  2 jellies (D)
  6 orc priests (D)
  An orc wizard (D)
  A worker ant (D)
  An adder (D)
  8 orcs (D)
  A bat skeleton (D)
  A giant cockroach (D)
  A goblin (D)
  A hobgoblin (D)
  A ball python skeleton (D)
  A bat (D)
  A kobold (D)
  A rat (D)
57 creatures vanquished.

Vanquished Creatures (collateral kills)
  4 death yaks (D)
  2 orc high priests (D)
  4 orc knights (D)
  A rime drake (D)
  A blink frog (D)
  2 yaks (D)
  A basilisk (D)
  A water moccasin (D)
  2 orc warriors (D)
  A crocodile (D)
  A bullfrog (D)
  An orc wizard (D)
  An orc priest (D)
  An orc (D)
23 creatures vanquished.

Grand Total: 80 creatures vanquished

Notes
Turn   | Place    | Note
-------+----------+-------------------------------------------
     0 | D        | aMcNicky the Minotaur Berserker began the quest for the
                  | Orb.
     0 | D        | Reached XP level 1. HP: 19/19 MP: 0/0
     7 | D        | Reached ** piety under Trog
     7 | D        | Reached skill level 4 in Axes
    21 | D        | Noticed a jelly
    21 | D        | Noticed a worker ant
    25 | D        | Killed a jelly
    25 | D        | Reached *** piety under Trog
    25 | D        | Reached skill level 5 in Fighting
    25 | D        | Reached skill level 5 in Axes
    25 | D        | Reached XP level 2. HP: 29/29 MP: 1/1
    25 | D        | Reached XP level 3. HP: 36/36 MP: 2/2
    27 | D        | Reached skill level 6 in Axes
    77 | D        | Found a roughly hewn altar of Beogh.
    77 | D        | Found a snail-covered altar of Cheibriados.
    77 | D        | Found a shadowy altar of Dithmenos.
    77 | D        | Found a white marble altar of Elyvilon.
    77 | D        | Found a blossoming altar of Fedhas.
    77 | D        | Found an opulent altar of Gozag.
    78 | D        | Found a hazy altar of Hepliaklqana.
    79 | D        | Found a viscous altar of Jiyva.
    80 | D        | Found an ancient bone altar of Kikubaaqudgha.
    81 | D        | Found a corrupted altar of Lugonu.
    82 | D        | Found a burning altar of Makhleb.
    83 | D        | Found a sparkling altar of Nemelex Xobeh.
    84 | D        | Found an iron altar of Okawaru.
    85 | D        | Found a stormy altar of Qazlal.
    86 | D        | Found a sacrificial altar of Ru.
    87 | D        | Found a deep blue altar of Sif Muna.
    88 | D        | Found a bloodstained altar of Trog.
    89 | D        | Found a hide-covered altar of Uskayaw.
    90 | D        | Found a radiant altar of Vehumet.
    91 | D        | Found an ornate altar of the Wu Jian Council.
    92 | D        | Found a shimmering altar of Xom.
    93 | D        | Found a basalt altar of Yredelemnul.
    94 | D        | Found a glowing silver altar of Zin.
    95 | D        | Found a glowing golden altar of the Shining One.
   143 | D        | Noticed a centaur
   143 | D        | Noticed a centaur
   143 | D        | Noticed an orc warrior
   143 | D        | Noticed a bullfrog
   144 | D        | Reached **** piety under Trog
   144 | D        | Reached XP level 4. HP: 42/42 MP: 3/3
   147 | D        | Reached skill level 7 in Axes
   147 | D        | Reached skill level 5 in Armour
   147 | D        | Reached skill level 5 in Dodging
   151 | D        | Killed a centaur
   151 | D        | Reached skill level 9 in Axes
   151 | D        | Reached XP level 5. HP: 52/52 MP: 4/4
   153 | D        | Killed a centaur
   153 | D        | Reached skill level 10 in Axes
   153 | D        | Reached XP level 6. HP: 61/61 MP: 5/5
   157 | D        | Killed an orc warrior
   157 | D        | Reached ***** piety under Trog
   158 | D        | Reached skill level 11 in Axes
   207 | D        | Noticed a yak
   207 | D        | Noticed a centaur warrior
   207 | D        | Noticed a troll
   213 | D        | Killed a yak
   213 | D        | Reached skill level 12 in Axes
   213 | D        | Reached XP level 7. HP: 70/70 MP: 6/6
   218 | D        | Killed a centaur warrior
   218 | D        | Reached skill level 10 in Fighting
   218 | D        | Reached skill level 13 in Axes
   218 | D        | Reached skill level 10 in Armour
   218 | D        | Reached XP level 8. HP: 80/80 MP: 7/7
   223 | D        | Killed a troll
   223 | D        | Reached skill level 14 in Axes
   226 | D        | Received a gift from Trog
   519 | D        | Noticed a spiny frog
   522 | D        | Noticed a black mamba
   524 | D        | Reached skill level 1 in Evocations
   528 | D        | Killed a spiny frog
   528 | D        | Reached skill level 10 in Dodging
   528 | D        | Reached XP level 9. HP: 89/89 MP: 3/9
   532 | D        | Reached skill level 15 in Axes
   535 | D        | Killed a black mamba
   692 | D        | Noticed a rime drake
   694 | D        | Received a gift from Trog
   695 | D        | Killed a rime drake
   697 | D        | Noticed a komodo dragon
   701 | D        | Reached ****** piety under Trog
   701 | D        | Received a gift from Trog
   701 | D        | Reached skill level 16 in Axes
   704 | D        | Killed a komodo dragon
   886 | D        | Noticed a death yak
   886 | D        | Noticed a death yak
   886 | D        | Noticed a death yak
   886 | D        | Noticed a death yak
   886 | D        | Noticed a death yak
   892 | D        | Killed a death yak
   892 | D        | Reached XP level 10. HP: 100/100 MP: 12/12
   896 | D        | Noticed a death yak
   896 | D        | Killed a death yak
   896 | D        | Reached skill level 17 in Axes
   902 | D        | Killed a death yak
   902 | D        | Received a gift from Trog
   903 | D        | Killed a death yak
   905 | D        | Killed a death yak
   905 | D        | Received a gift from Trog
   907 | D        | Killed a death yak
   907 | D        | Reached skill level 18 in Axes
  1120 | D        | Received a gift from Trog
  1126 | D        | Received a gift from Trog
  1133 | D        | Received a gift from Trog
  1159 | D        | Noticed an orc knight
  1159 | D        | Noticed an orc knight
  1159 | D        | Noticed an orc knight
  1163 | D        | Noticed an orc knight
  1170 | D        | Killed an orc knight
  1171 | D        | Noticed an orc knight
  1179 | D        | Killed an orc knight
  1183 | D        | Killed an orc knight
  1187 | D        | Killed an orc knight
  1187 | D        | Reached XP level 11. HP: 74/110 MP: 13/13
  1189 | D        | Killed an orc knight
  1191 | D        | Received a gift from Trog
  1198 | D        | Got a smoking war axe {god gift}
  1199 | D        | Identified the +3 war axe of the People {chop, Dex+3} (Trog
                  | gifted it to you in the Dungeon)
  1259 | D        | Noticed an orc knight
  1266 | D        | Killed an orc knight
  1266 | D        | Reached skill level 19 in Axes
  1374 | D        | Found Ifol's Jewellery Emporium.
  1374 | D        | Noticed an orc high priest
  1374 | D        | Noticed an orc knight
  1374 | D        | Noticed an orc knight
  1375 | D        | Noticed a sun demon
  1375 | D        | Noticed an orc knight
  1381 | D        | Killed an orc high priest
  1383 | D        | Noticed an orc high priest
  1386 | D        | Noticed an orc sorcerer
  1388 | D        | Killed an orc knight
  1390 | D        | Killed an orc knight
  1391 | D        | Noticed a sixfirhy
  1393 | D        | Killed an orc knight
  1393 | D        | Received a gift from Trog
  1413 | D        | Killed an orc high priest
  1423 | D        | Killed from afar by an orc sorcerer

Skill      XL: |  1  2  3  4  5  6  7  8  9 10 11 |
---------------+----------------------------------+-----
Fighting       | 5 7 9 10 11 12 14 | 14.8
Axes           | 5 6 9 10 12 13 14 16 18 19 | 19.7
Armour         | 4 6 7 8 10 11 12 13 14 | 14.6
Dodging        | 3 4 5 6 8 9 10 11 13 | 13.6
Evocations     | 2 4 |  4.0

Action                   |  1- 3 |  4- 6 |  7- 9 | 10-12 || total
-------------------------+-------+-------+-------+-------++-------
Melee: Hand axe          |    13 |       |       |       ||    13
       Headbutt          |     3 |     7 |     8 |    14 ||    32
       War axe           |     1 |    15 |    11 |       ||    27
       Battleaxe         |       |       |    26 |       ||    26
       Executioner's axe |       |       |     4 |    60 ||    64
Invok: Berserk           |     1 |     2 |     3 |     3 ||     9
       Brothers in Arms  |       |       |     1 |     6 ||     7
       Trog's Hand       |       |       |     1 |     4 ||     5
  Use: Scroll            |       |       |     6 |       ||     6
       Potion            |       |       |       |     1 ||     1
  Eat: Chunk             |       |       |     5 |     2 ||     7
       Ration            |       |       |       |     2 ||     2
Armor: Animal skin       |     5 |       |       |       ||     5
       Scale mail        |       |     5 |     3 |    12 ||    20
Dodge: Dodged            |     7 |     6 |    21 |    23 ||    57
